[ AOE2 MATCH · #482000674 ]
UnrankedKhmer vs Vietnamese
[ REPLAY ANALYSIS · EXTRACTED FROM THE RECORDED GAME ]
Feudal
12:30
Castle
15:12
Imperial
—
| APM avg | 33.1 |
| APM peak | 73 |
| eAPM avg | 16.9 |
| Villagers / military | 101 / 4 |
Focus
⚔️ 23.8% · 🌾 76.2%
Battle Elephant ×4
Feudal
11:25
Castle
16:16
Imperial
—
| APM avg | 20.6 |
| APM peak | 46 |
| eAPM avg | 9.1 |
| Villagers / military | 46 / 2 |
Focus
⚔️ 11.8% · 🌾 88.2%
Monk ×1 · Mangonel ×1
Feudal
11:58
Castle
16:38
Imperial
—
| APM avg | 27.0 |
| APM peak | 68 |
| eAPM avg | 17.4 |
| Villagers / military | 53 / 10 |
Focus
⚔️ 21.4% · 🌾 78.6%
Battle Elephant ×9 · Battering Ram ×1
Feudal
14:14
Castle
—
Imperial
—
| APM avg | 24.8 |
| APM peak | 52 |
| eAPM avg | 12.9 |
| Villagers / military | 44 / 0 |
Focus
⚔️ 16.9% · 🌾 83.1%
Feudal
13:01
Castle
—
Imperial
—
| APM avg | 25.2 |
| APM peak | 47 |
| eAPM avg | 15.5 |
| Villagers / military | 49 / 52 |
Focus
⚔️ 20.3% · 🌾 79.7%
Archer ×52
Feudal
11:37
Castle
16:19
Imperial
—
| APM avg | 23.4 |
| APM peak | 59 |
| eAPM avg | 12.8 |
| Villagers / military | 114 / 38 |
Focus
⚔️ 14.5% · 🌾 85.5%
Knight ×38
Feudal
13:06
Castle
17:02
Imperial
21:56
| APM avg | 36.3 |
| APM peak | 65 |
| eAPM avg | 12.4 |
| Villagers / military | 45 / 6 |
Focus
⚔️ 18.7% · 🌾 81.3%
Archer ×6
Feudal
12:00
Castle
15:47
Imperial
—
| APM avg | 29.1 |
| APM peak | 54 |
| eAPM avg | 15.4 |
| Villagers / military | 48 / 22 |
Focus
⚔️ 32.8% · 🌾 67.2%
Cataphract ×10 · Battering Ram ×5 · Mangonel ×4 · Monk ×3
Match map
Initial resources + every placement click. Lines = walls · curves = elevation contours. ◆ gold · ⬟ stone · ● berries · ✦ relic · ◌ wall gap
Your base· ✓ Closed at 15:12 · 0t walls · no gate
李佳瑶耶耶耶's base· Open — unwalled flank
ACI ShaN's base· ✓ Closed at 16:38 · 0t walls · no gate
Tlacaelel.MX's base· Open — unwalled flank
ACI Kira_game's base· ✓ Closed at 26:05 · 49t walls · 3 gate(s)
pedrotavares123's base· Open — unwalled flank
PRO_ENEMY's base· Open — unwalled flank
[FeI] F0rever's base· ✓ Closed at 15:47 · 9t walls · no gate
Smoothed initial terrain · ◌ = detected wall gap · hover for details
Inputs per minute
— 420fudu69 - - 李佳瑶耶耶耶
Build order — 420fudu69
First 150 of 158 actions detected
| 0:02 | Build | House |
| 0:04 | Build | House |
| 0:16 | Create | Villager (Male) |
| 0:16 | Create | Villager (Male) |
| 0:17 | Create | Villager (Male) |
| 0:19 | Create | Villager (Male) |
| 1:24 | Create | Villager (Male) |
| 2:13 | Build | Lumber Camp |
| 2:21 | Create | Villager (Male) |
| 2:21 | Create | Villager (Male) |
| 2:30 | Build | Lumber Camp |
| 2:38 | Create | Villager (Male) |
| 2:58 | Create | Villager (Male) |
| 3:27 | Create | Villager (Male) |
| 3:51 | Create | Villager (Male) |
| 3:51 | Create | Villager (Male) |
| 4:05 | Build | House |
| 4:08 | Build | House |
| 4:09 | Build | House |
| 4:12 | Create | Villager (Male) |
| 4:37 | Create | Villager (Male) |
| 4:37 | Create | Villager (Male) |
| 4:45 | Build | Mill |
| 4:59 | Create | Villager (Male) |
| 5:12 | Create | Villager (Male) |
| 5:37 | Create | Villager (Male) |
| 5:54 | Create | Villager (Male) |
| 6:13 | Create | Villager (Male) |
| 6:44 | Create | Villager (Male) |
| 6:44 | Create | Villager (Male) |
| 6:45 | Create | Villager (Male) |
| 8:00 | Create | Villager (Male) |
| 8:58 | Build | Mining Camp |
| 9:11 | Build | Mining Camp |
| 9:16 | Create | Villager (Male) |
| 9:17 | Create | Villager (Male) |
| 10:20 | Research | Feudal Age |
| 12:30 | Age | Feudal Age |
| 12:32 | Research | Castle Age |
| 13:29 | Research | Double-Bit Axe |
| 13:30 | Research | Horse Collar |
| 14:27 | Research | Wheelbarrow |
| 15:12 | Age | Castle Age |
| 15:16 | Build | Town Center |
| 15:18 | Build | Town Center |
| 15:23 | Build | Town Center |
| 15:26 | Research | Bow Saw |
| 15:26 | Research | Heavy Plow |
| 16:06 | Build | Farm |
| 16:06 | Build | Farm |
| 16:07 | Build | Farm |
| 16:07 | Build | Farm |
| 16:18 | Create | Villager (Male) |
| 16:21 | Build | Farm |
| 16:21 | Build | Farm |
| 16:22 | Build | Farm |
| 16:25 | Build | Farm |
| 16:25 | Build | Farm |
| 16:25 | Build | Farm |
| 16:52 | Create | Villager (Male) |
| 16:55 | Build | Farm |
| 17:40 | Create | Villager (Male) ×3 |
| 17:42 | Build | Farm |
| 17:42 | Build | Farm |
| 17:46 | Build | Farm |
| 17:46 | Build | Farm |
| 17:48 | Create | Villager (Male) |
| 17:52 | Build | Farm |
| 17:53 | Build | Farm |
| 17:58 | Create | Villager (Male) |
| 18:06 | Create | Villager (Male) |
| 18:08 | Build | Farm |
| 18:14 | Build | Farm |
| 18:16 | Create | Villager (Male) |
| 18:18 | Create | Villager (Male) |
| 18:24 | Build | Farm |
| 18:25 | Build | Farm |
| 18:28 | Create | Villager (Male) |
| 18:33 | Build | Farm |
| 18:35 | Build | Farm |
| 18:37 | Create | Villager (Male) |
| 18:47 | Create | Villager (Male) ×2 |
| 18:56 | Build | Farm |
| 19:01 | Create | Villager (Male) ×2 |
| 19:07 | Build | Farm |
| 19:08 | Create | Villager (Male) |
| 19:10 | Build | Farm |
| 19:11 | Create | Villager (Male) |
| 19:14 | Build | Farm |
| 19:16 | Create | Villager (Male) |
| 19:27 | Create | Villager (Male) ×2 |
| 19:30 | Build | House |
| 19:34 | Create | Villager (Male) |
| 19:45 | Build | House |
| 19:46 | Build | House |
| 19:47 | Build | House |
| 19:51 | Create | Villager (Male) ×4 |
| 19:56 | Build | Farm |
| 20:02 | Create | Villager (Male) ×2 |
| 20:05 | Build | Farm |
| 20:08 | Create | Villager (Male) |
| 20:10 | Build | Farm |
| 20:22 | Create | Villager (Male) ×3 |
| 20:26 | Build | House |
| 20:28 | Create | Villager (Male) |
| 20:40 | Research | Hand Cart |
| 20:43 | Research | Gold Mining |
| 20:44 | Create | Villager (Male) |
| 20:51 | Create | Villager (Male) ×2 |
| 20:59 | Create | Villager (Male) |
| 20:59 | Create | Villager (Male) |
| 21:06 | Create | Villager (Male) |
| 21:09 | Create | Villager (Male) |
| 21:14 | Build | House |
| 21:15 | Build | House |
| 21:17 | Create | Villager (Male) ×2 |
| 21:23 | Create | Villager (Male) |
| 21:27 | Create | Villager (Male) |
| 21:35 | Build | Farm |
| 21:37 | Build | Farm |
| 21:38 | Build | Farm |
| 21:39 | Create | Villager (Male) ×3 |
| 21:47 | Research | Gold Shaft Mining |
| 21:50 | Research | Stone Mining |
| 21:51 | Create | Villager (Male) |
| 21:53 | Create | Villager (Male) |
| 21:55 | Create | Villager (Male) |
| 22:00 | Create | Villager (Male) |
| 22:07 | Build | Farm |
| 22:10 | Build | Farm |
| 22:12 | Build | Farm |
| 22:17 | Create | Villager (Male) ×4 |
| 22:45 | Build | House |
| 22:46 | Build | House |
| 22:47 | Create | Villager (Male) ×5 |
| 22:59 | Build | Stable |
| 23:01 | Create | Villager (Male) ×5 |
| 23:23 | Create | Villager (Male) ×5 |
| 23:55 | Build | House |
| 23:57 | Create | Villager (Male) ×5 |
| 24:02 | Build | Farm |
| 24:03 | Build | Farm |
| 24:30 | Research | Imperial Age |
| 24:34 | Build | House |
| 24:35 | Build | House |
| 24:47 | Build | Stable |
| 24:53 | Build | Stable |
| 25:00 | Build | Stable |
| 25:10 | Build | Stable |
| 25:16 | Build | Stable |
Build order — 李佳瑶耶耶耶
99 actions detected in the replay
| 0:01 | Create | Villager (Male) |
| 0:01 | Create | Villager (Male) |
| 0:01 | Create | Villager (Male) |
| 0:03 | Build | House |
| 0:04 | Build | House |
| 0:21 | Create | Villager (Male) |
| 0:51 | Research | Loom |
| 1:35 | Build | Palisade Wall |
| 1:38 | Create | Villager (Male) |
| 1:54 | Build | Lumber Camp |
| 2:06 | Create | Villager (Male) |
| 2:39 | Create | Villager (Male) |
| 3:05 | Create | Villager (Male) |
| 3:36 | Create | Villager (Male) |
| 3:42 | Build | House |
| 4:07 | Create | Villager (Male) |
| 4:39 | Create | Villager (Male) |
| 4:40 | Create | Villager (Male) |
| 5:17 | Create | Villager (Male) |
| 5:27 | Create | Villager (Male) |
| 6:07 | Create | Villager (Male) |
| 6:20 | Build | House |
| 6:25 | Create | Villager (Male) |
| 7:06 | Create | Villager (Male) |
| 7:06 | Create | Villager (Male) |
| 7:31 | Create | Villager (Male) |
| 8:17 | Create | Villager (Male) |
| 8:29 | Build | Mill |
| 8:38 | Create | Villager (Male) |
| 9:00 | Research | Feudal Age |
| 9:39 | Create | Villager (Male) |
| 9:48 | Build | Mining Camp |
| 9:58 | Build | House |
| 10:51 | Create | Villager (Male) |
| 11:12 | Create | Villager (Male) |
| 11:25 | Age | Feudal Age |
| 11:29 | Build | Stone Wall |
| 11:32 | Build | Gate |
| 11:41 | Create | Villager (Male) |
| 11:50 | Build | Farm |
| 11:53 | Build | Farm |
| 12:07 | Build | Market |
| 12:39 | Build | House |
| 12:43 | Create | Villager (Male) |
| 12:47 | Build | Blacksmith |
| 12:53 | Create | Villager (Male) |
| 12:55 | Build | Farm |
| 13:36 | Research | Castle Age |
| 13:40 | Research | Double-Bit Axe |
| 13:52 | Research | Horse Collar |
| 13:59 | Build | Farm |
| 14:02 | Build | Farm |
| 14:11 | Build | Mining Camp |
| 14:41 | Create | Villager (Male) |
| 14:42 | Create | Villager (Male) |
| 14:54 | Build | House |
| 14:55 | Build | House |
| 14:57 | Build | House |
| 15:29 | Build | Farm |
| 15:32 | Create | Villager (Male) |
| 16:16 | Age | Castle Age |
| 16:19 | Build | Town Center |
| 16:24 | Create | Villager (Male) |
| 16:45 | Build | House |
| 16:49 | Build | House |
| 16:58 | Research | Bow Saw |
| 17:16 | Build | Town Center |
| 17:23 | Create | Villager (Male) |
| 17:38 | Create | Villager (Male) |
| 17:40 | Build | House |
| 17:49 | Build | Monastery |
| 17:52 | Create | Villager (Male) |
| 17:59 | Build | Farm |
| 18:05 | Research | Wheelbarrow |
| 18:08 | Create | Villager (Male) |
| 18:15 | Build | Farm |
| 18:20 | Build | Farm |
| 18:23 | Build | Farm |
| 18:26 | Create | Villager (Male) |
| 18:27 | Create | Villager (Male) |
| 18:50 | Build | Mining Camp |
| 18:55 | Create | Villager (Male) |
| 18:55 | Create | Villager (Male) |
| 18:56 | Create | Villager (Male) |
| 19:07 | Create | Monk |
| 19:20 | Build | Gate |
| 19:25 | Build | Stone Wall |
| 19:36 | Build | Stone Wall |
| 19:46 | Build | Stone Wall |
| 20:10 | Create | Villager (Male) |
| 20:10 | Create | Villager (Male) |
| 20:20 | Create | Villager (Male) |
| 20:23 | Build | Siege Workshop |
| 20:28 | Build | Barracks |
| 20:39 | Create | Villager (Male) |
| 20:39 | Create | Villager (Male) |
| 20:52 | Build | Siege Workshop |
| 20:58 | Create | Villager (Male) |
| 21:32 | Create | Mangonel |
Build order — ACI ShaN
118 actions detected in the replay
| 0:02 | Create | Villager (Male) |
| 0:02 | Create | Villager (Male) |
| 0:02 | Create | Villager (Male) |
| 0:02 | Create | Villager (Male) |
| 0:03 | Build | House |
| 0:05 | Build | House |
| 1:39 | Create | Villager (Male) |
| 1:39 | Create | Villager (Male) |
| 1:55 | Build | Lumber Camp |
| 2:21 | Create | Villager (Male) |
| 2:42 | Create | Villager (Male) |
| 3:07 | Create | Villager (Male) |
| 3:34 | Create | Villager (Male) |
| 3:34 | Create | Villager (Male) |
| 3:34 | Create | Villager (Male) |
| 3:43 | Build | House |
| 4:13 | Create | Villager (Male) |
| 4:56 | Create | Villager (Male) |
| 5:17 | Create | Villager (Male) |
| 5:17 | Create | Villager (Male) |
| 5:32 | Create | Villager (Male) |
| 5:32 | Create | Villager (Male) |
| 5:55 | Create | Villager (Male) |
| 5:56 | Create | Villager (Male) |
| 5:56 | Create | Villager (Male) |
| 5:56 | Create | Villager (Male) |
| 6:07 | Build | Mill |
| 6:50 | Create | Villager (Male) |
| 6:51 | Create | Villager (Male) |
| 6:51 | Create | Villager (Male) |
| 6:51 | Create | Villager (Male) |
| 7:09 | Create | Villager (Male) |
| 7:09 | Create | Villager (Male) |
| 7:15 | Build | House |
| 7:43 | Create | Villager (Male) |
| 7:43 | Create | Villager (Male) |
| 9:12 | Create | Villager (Male) |
| 9:23 | Build | Mining Camp |
| 9:48 | Research | Feudal Age |
| 9:48 | Research | Feudal Age |
| 11:27 | Create | Villager (Male) |
| 11:44 | Build | Farm |
| 11:45 | Build | Farm |
| 11:53 | Create | Villager (Male) |
| 11:58 | Age | Feudal Age |
| 12:00 | Build | Blacksmith |
| 12:04 | Build | Market |
| 12:29 | Build | Farm |
| 12:53 | Build | Farm |
| 12:57 | Build | Farm |
| 13:00 | Build | Farm |
| 13:46 | Build | Barracks |
| 13:58 | Research | Castle Age |
| 14:37 | Research | Double-Bit Axe |
| 15:08 | Build | Stable |
| 16:08 | Build | Stable |
| 16:19 | Build | House |
| 16:36 | Research | Scale Barding Armor |
| 16:37 | Research | Forging |
| 16:38 | Age | Castle Age |
| 16:41 | Create | Battle Elephant |
| 16:42 | Create | Battle Elephant |
| 16:42 | Create | Battle Elephant |
| 17:00 | Create | Villager (Male) |
| 17:34 | Build | Siege Workshop |
| 17:37 | Create | Villager (Male) |
| 17:42 | Research | Husbandry |
| 17:46 | Build | House |
| 17:54 | Create | Villager (Male) |
| 18:23 | Build | House |
| 18:42 | Create | Villager (Male) |
| 18:45 | Create | Battle Elephant ×2 |
| 18:47 | Create | Villager (Male) |
| 18:54 | Create | Battering Ram |
| 19:09 | Create | Villager (Male) |
| 19:11 | Build | House |
| 19:14 | Create | Villager (Male) |
| 20:15 | Create | Battle Elephant ×2 |
| 20:15 | Create | Battle Elephant ×2 |
| 20:33 | Create | Villager (Male) |
| 20:33 | Create | Villager (Male) |
| 20:37 | Create | Villager (Male) |
| 20:42 | Build | Town Center |
| 21:05 | Build | House |
| 21:16 | Create | Villager (Male) |
| 21:25 | Create | Villager (Male) |
| 22:14 | Create | Villager (Male) |
| 22:17 | Build | Farm |
| 22:19 | Build | Farm |
| 22:19 | Build | Farm |
| 22:20 | Build | Farm |
| 22:20 | Build | Farm |
| 22:37 | Create | Villager (Male) |
| 22:39 | Build | Farm |
| 22:42 | Build | Farm |
| 22:49 | Build | Farm |
| 23:22 | Create | Villager (Male) |
| 23:23 | Create | Villager (Male) |
| 23:29 | Build | House |
| 23:36 | Create | Villager (Male) |
| 23:41 | Build | Farm |
| 23:46 | Build | Lumber Camp |
| 24:22 | Build | House |
| 24:23 | Create | Villager (Male) |
| 24:26 | Build | Lumber Camp |
| 24:28 | Build | Town Center |
| 24:33 | Research | Bloodlines |
| 24:50 | Create | Villager (Male) |
| 24:53 | Build | Farm |
| 24:53 | Build | Farm |
| 25:40 | Build | Mill |
| 25:41 | Build | Farm |
| 25:42 | Build | Farm |
| 25:42 | Build | Farm |
| 25:42 | Build | Farm |
| 25:44 | Create | Villager (Male) |
| 25:56 | Build | Farm |
| 25:57 | Build | Farm |
Build order — Tlacaelel.MX
94 actions detected in the replay
| 0:01 | Create | Villager (Male) |
| 0:04 | Build | House |
| 0:06 | Create | Villager (Male) |
| 0:06 | Create | Villager (Male) |
| 0:06 | Create | Villager (Male) |
| 0:24 | Research | Loom |
| 0:24 | Create | Villager (Male) |
| 0:24 | Create | Villager (Male) |
| 0:24 | Create | Villager (Male) |
| 0:25 | Create | Villager (Male) |
| 0:43 | Build | Palisade Wall |
| 2:01 | Build | Palisade Wall |
| 2:28 | Build | Palisade Wall |
| 2:30 | Create | Villager (Male) |
| 2:31 | Create | Villager (Male) |
| 2:31 | Create | Villager (Male) |
| 3:16 | Build | Lumber Camp |
| 3:46 | Build | Palisade Wall |
| 4:24 | Create | Villager (Male) |
| 4:24 | Create | Villager (Male) |
| 4:24 | Create | Villager (Male) |
| 4:53 | Build | House |
| 5:00 | Build | House |
| 5:03 | Create | Villager (Male) |
| 5:22 | Build | House |
| 5:35 | Create | Villager (Male) |
| 5:35 | Create | Villager (Male) |
| 5:59 | Create | Villager (Male) |
| 5:59 | Create | Villager (Male) |
| 6:00 | Create | Villager (Male) |
| 6:17 | Create | Villager (Male) |
| 6:17 | Create | Villager (Male) |
| 6:51 | Build | House |
| 7:21 | Create | Villager (Male) |
| 7:21 | Create | Villager (Male) |
| 7:21 | Create | Villager (Male) |
| 7:21 | Create | Villager (Male) |
| 7:38 | Build | House |
| 7:48 | Create | Villager (Male) |
| 8:13 | Create | Villager (Male) |
| 8:13 | Create | Villager (Male) |
| 8:24 | Build | House |
| 8:33 | Build | Mill |
| 8:45 | Create | Villager (Male) |
| 10:23 | Create | Villager (Male) |
| 10:35 | Create | Villager (Male) |
| 10:35 | Create | Villager (Male) |
| 11:15 | Create | Villager (Male) |
| 11:56 | Build | Palisade Wall |
| 12:04 | Research | Feudal Age |
| 12:22 | Build | Lumber Camp |
| 12:40 | Build | Mining Camp |
| 13:41 | Build | Mining Camp |
| 14:14 | Age | Feudal Age |
| 14:15 | Build | Stone Wall |
| 14:18 | Build | Stone Wall |
| 14:19 | Build | Stone Wall |
| 14:26 | Build | Stone Wall |
| 14:27 | Build | Stone Wall |
| 14:38 | Build | Farm |
| 14:43 | Create | Villager (Male) |
| 14:44 | Create | Villager (Male) |
| 14:44 | Create | Villager (Male) |
| 14:54 | Build | Mill |
| 15:15 | Build | Watch Tower |
| 15:29 | Build | Farm |
| 15:30 | Create | Villager (Male) |
| 15:36 | Create | Villager (Male) |
| 16:28 | Build | Stone Wall |
| 16:31 | Build | Stone Wall |
| 16:37 | Create | Villager (Male) |
| 16:47 | Build | Stone Wall |
| 17:20 | Create | Villager (Male) |
| 17:21 | Create | Villager (Male) |
| 17:24 | Build | Blacksmith |
| 17:31 | Create | Villager (Male) |
| 18:07 | Build | Watch Tower |
| 18:23 | Build | Watch Tower |
| 18:33 | Build | Market |
| 18:36 | Create | Villager (Male) |
| 18:38 | Research | Double-Bit Axe |
| 18:40 | Build | House |
| 18:41 | Build | House |
| 19:10 | Build | Stone Wall |
| 19:11 | Build | Stone Wall |
| 19:12 | Build | Stone Wall |
| 19:32 | Build | Stone Wall |
| 19:38 | Research | Fletching |
| 20:51 | Research | Castle Age |
| 21:02 | Build | Lumber Camp |
| 22:03 | Build | Farm |
| 22:06 | Build | Farm |
| 22:17 | Build | Stone Wall |
| 22:19 | Build | Gate |
Build order — ACI Kira_game
148 actions detected in the replay
| 0:02 | Create | Villager (Male) |
| 0:03 | Create | Villager (Male) |
| 0:04 | Build | House |
| 0:06 | Build | House |
| 0:07 | Create | Villager (Male) |
| 0:07 | Create | Villager (Male) |
| 0:07 | Create | Villager (Male) |
| 0:58 | Build | Palisade Wall |
| 1:48 | Create | Villager (Male) |
| 1:48 | Create | Villager (Male) |
| 1:48 | Create | Villager (Male) |
| 2:18 | Create | Villager (Male) |
| 2:18 | Create | Villager (Male) |
| 2:39 | Create | Villager (Male) |
| 2:39 | Create | Villager (Male) |
| 3:13 | Create | Villager (Male) |
| 3:44 | Create | Villager (Male) |
| 3:53 | Build | Palisade Wall |
| 4:09 | Create | Villager (Male) |
| 4:12 | Build | House |
| 4:15 | Build | House |
| 4:33 | Build | Palisade Wall |
| 4:47 | Create | Villager (Male) |
| 4:47 | Create | Villager (Male) |
| 4:47 | Create | Villager (Male) |
| 5:05 | Build | Palisade Wall |
| 5:24 | Create | Villager (Male) |
| 5:24 | Create | Villager (Male) |
| 5:53 | Build | Lumber Camp |
| 6:06 | Create | Villager (Male) |
| 6:34 | Create | Villager (Male) |
| 6:36 | Create | Villager (Male) |
| 6:37 | Create | Villager (Male) |
| 6:41 | Build | House |
| 7:20 | Create | Villager (Male) |
| 7:21 | Create | Villager (Male) |
| 7:21 | Create | Villager (Male) |
| 7:59 | Build | Mining Camp |
| 8:31 | Create | Villager (Male) |
| 8:31 | Create | Villager (Male) |
| 8:45 | Create | Villager (Male) |
| 9:32 | Create | Villager (Male) |
| 9:33 | Create | Villager (Male) |
| 10:40 | Build | Barracks |
| 10:52 | Research | Feudal Age |
| 11:04 | Create | Villager (Male) |
| 11:04 | Create | Villager (Male) |
| 11:15 | Build | House |
| 11:55 | Build | House |
| 11:57 | Build | House |
| 12:41 | Build | House |
| 13:00 | Build | Mill |
| 13:01 | Age | Feudal Age |
| 13:04 | Build | Archery Range |
| 13:20 | Build | Archery Range |
| 13:34 | Build | Palisade Gate |
| 13:37 | Create | Villager (Male) |
| 13:37 | Create | Villager (Male) |
| 13:38 | Create | Villager (Male) |
| 13:42 | Research | Double-Bit Axe |
| 13:42 | Research | Double-Bit Axe |
| 13:55 | Create | Archer |
| 13:55 | Create | Archer |
| 14:11 | Create | Archer |
| 14:11 | Create | Archer |
| 14:11 | Create | Archer |
| 14:12 | Create | Archer |
| 14:13 | Create | Archer |
| 14:13 | Create | Villager (Male) |
| 14:32 | Create | Archer |
| 14:32 | Create | Archer |
| 14:48 | Create | Archer |
| 14:48 | Create | Archer |
| 14:48 | Create | Archer |
| 15:31 | Create | Villager (Male) |
| 15:48 | Build | Gate |
| 15:56 | Build | Stone Wall |
| 16:33 | Build | Gate |
| 16:46 | Create | Villager (Male) |
| 16:46 | Create | Villager (Male) |
| 16:55 | Build | Blacksmith |
| 17:01 | Build | Archery Range |
| 17:05 | Create | Villager (Male) |
| 17:06 | Create | Villager (Male) |
| 17:09 | Build | House |
| 17:11 | Build | House |
| 17:11 | Build | House |
| 17:11 | Build | House |
| 17:11 | Build | House |
| 17:12 | Build | House |
| 17:12 | Build | House |
| 17:13 | Build | House |
| 17:40 | Create | Archer ×5 |
| 17:41 | Create | Archer ×5 |
| 17:41 | Create | Archer ×5 |
| 17:41 | Create | Archer ×5 |
| 17:41 | Create | Archer ×5 |
| 18:30 | Research | Fletching |
| 18:30 | Research | Fletching |
| 18:49 | Create | Villager (Male) |
| 18:57 | Build | Mining Camp |
| 19:02 | Build | Farm |
| 19:02 | Build | Farm |
| 19:03 | Build | Farm |
| 19:03 | Build | Farm |
| 19:03 | Build | Farm |
| 19:49 | Create | Archer ×5 |
| 19:49 | Create | Archer ×5 |
| 19:50 | Create | Archer ×2 |
| 20:16 | Build | Stone Wall |
| 20:39 | Create | Archer ×3 |
| 20:47 | Create | Villager (Male) |
| 20:51 | Build | Farm |
| 20:51 | Build | Farm |
| 20:52 | Build | Farm |
| 21:10 | Build | House |
| 21:11 | Build | House |
| 21:12 | Build | House |
| 22:05 | Build | Farm |
| 22:05 | Build | Farm |
| 22:05 | Build | Farm |
| 22:06 | Build | Farm |
| 22:43 | Create | Villager (Male) |
| 22:44 | Create | Villager (Male) |
| 22:49 | Research | Wheelbarrow |
| 23:04 | Build | House |
| 23:05 | Build | House |
| 23:05 | Build | House |
| 23:05 | Build | House |
| 23:07 | Research | Padded Archer Armor |
| 23:13 | Build | Farm |
| 23:13 | Build | Farm |
| 23:28 | Create | Villager (Male) |
| 23:28 | Create | Villager (Male) |
| 24:37 | Build | Farm |
| 24:42 | Build | Farm |
| 24:42 | Build | Farm |
| 24:43 | Build | Farm |
| 24:43 | Build | Farm |
| 24:43 | Build | Farm |
| 24:44 | Build | Farm |
| 24:44 | Build | Farm |
| 25:10 | Build | House |
| 25:11 | Build | House |
| 25:11 | Build | House |
| 25:12 | Build | House |
| 26:05 | Research | Castle Age |
| 26:07 | Research | Loom |
Build order — pedrotavares123
First 150 of 174 actions detected
| 0:02 | Create | Villager (Male) ×5 |
| 0:05 | Build | House |
| 0:09 | Build | House |
| 0:54 | Research | Loom |
| 1:24 | Build | Lumber Camp |
| 1:26 | Create | Villager (Male) |
| 1:27 | Create | Villager (Male) |
| 1:41 | Build | House |
| 1:44 | Build | House |
| 1:45 | Build | House |
| 2:03 | Create | Villager (Male) |
| 2:03 | Create | Villager (Male) |
| 2:36 | Create | Villager (Male) |
| 2:36 | Create | Villager (Male) |
| 2:57 | Create | Villager (Male) |
| 2:57 | Create | Villager (Male) |
| 3:31 | Create | Villager (Male) |
| 3:32 | Create | Villager (Male) |
| 4:06 | Create | Villager (Male) |
| 4:06 | Create | Villager (Male) |
| 4:06 | Create | Villager (Male) |
| 5:08 | Create | Villager (Male) |
| 5:08 | Create | Villager (Male) |
| 5:08 | Create | Villager (Male) |
| 5:08 | Create | Villager (Male) |
| 5:40 | Build | Mill |
| 6:34 | Create | Villager (Male) |
| 6:34 | Create | Villager (Male) |
| 6:52 | Create | Villager (Male) |
| 6:57 | Create | Villager (Male) |
| 6:57 | Create | Villager (Male) |
| 6:57 | Create | Villager (Male) |
| 7:46 | Build | Mining Camp |
| 8:05 | Create | Villager (Male) |
| 8:21 | Create | Villager (Male) |
| 8:40 | Research | Feudal Age |
| 8:57 | Build | House |
| 8:59 | Build | House |
| 9:00 | Build | House |
| 9:01 | Build | House |
| 9:06 | Create | Villager (Male) |
| 9:07 | Research | Feudal Age |
| 9:42 | Build | Barracks |
| 11:13 | Create | Villager (Male) ×5 |
| 11:37 | Age | Feudal Age |
| 11:38 | Research | Double-Bit Axe |
| 11:38 | Research | Double-Bit Axe |
| 11:51 | Build | Stable |
| 11:56 | Build | Blacksmith |
| 12:14 | Build | Lumber Camp |
| 12:42 | Research | Horse Collar |
| 12:59 | Create | Villager (Male) |
| 13:24 | Build | House |
| 13:24 | Build | House |
| 13:25 | Build | House |
| 13:26 | Build | House |
| 13:35 | Research | Castle Age |
| 14:22 | Build | Farm |
| 14:23 | Build | Farm |
| 14:24 | Build | Farm |
| 14:26 | Build | Farm |
| 14:27 | Build | Farm |
| 14:28 | Build | Farm |
| 14:30 | Build | Farm |
| 14:31 | Build | Farm |
| 14:34 | Build | Farm |
| 14:36 | Build | Farm |
| 15:00 | Build | Farm |
| 15:01 | Build | Farm |
| 15:10 | Build | Farm |
| 15:11 | Build | Farm |
| 15:13 | Build | Farm |
| 15:15 | Build | Farm |
| 15:25 | Build | Farm |
| 15:59 | Create | Villager (Male) ×5 |
| 16:19 | Age | Castle Age |
| 16:20 | Research | Bow Saw |
| 16:20 | Research | Bow Saw |
| 16:20 | Research | Bow Saw |
| 16:29 | Build | Town Center |
| 16:38 | Research | Heavy Plow |
| 16:42 | Create | Villager (Male) |
| 16:49 | Create | Villager (Male) |
| 17:55 | Build | Town Center |
| 17:58 | Research | Wheelbarrow |
| 18:09 | Create | Villager (Male) |
| 18:12 | Create | Villager (Male) |
| 18:12 | Create | Villager (Male) |
| 18:29 | Create | Villager (Male) |
| 18:39 | Research | Stone Mining |
| 18:41 | Create | Villager (Male) |
| 18:51 | Build | Farm |
| 18:52 | Build | Farm |
| 18:53 | Build | Farm |
| 18:54 | Build | Farm |
| 18:59 | Build | Farm |
| 19:01 | Build | Farm |
| 19:11 | Create | Villager (Male) |
| 19:16 | Research | Hand Cart |
| 19:18 | Create | Villager (Male) |
| 19:18 | Create | Villager (Male) |
| 19:28 | Create | Villager (Male) |
| 19:38 | Create | Villager (Male) ×3 |
| 19:38 | Create | Villager (Male) ×3 |
| 19:45 | Build | Farm |
| 19:47 | Build | Farm |
| 19:48 | Build | Farm |
| 19:49 | Build | Farm |
| 19:50 | Build | Farm |
| 19:55 | Create | Villager (Male) |
| 19:55 | Create | Villager (Male) |
| 19:57 | Create | Villager (Male) ×2 |
| 19:57 | Create | Villager (Male) ×2 |
| 19:58 | Create | Villager (Male) ×2 |
| 20:07 | Create | Villager (Male) |
| 20:07 | Create | Villager (Male) |
| 20:07 | Create | Villager (Male) |
| 20:13 | Create | Villager (Male) |
| 20:13 | Create | Villager (Male) |
| 20:21 | Create | Villager (Male) |
| 20:22 | Create | Villager (Male) |
| 20:30 | Create | Villager (Male) ×3 |
| 20:30 | Create | Villager (Male) ×3 |
| 20:58 | Build | Stable |
| 21:01 | Build | Stable |
| 21:08 | Build | Mining Camp |
| 21:11 | Research | Gold Mining |
| 21:11 | Research | Gold Mining |
| 21:16 | Create | Villager (Male) ×5 |
| 21:16 | Create | Villager (Male) ×5 |
| 21:22 | Research | Scale Barding Armor |
| 22:00 | Research | Husbandry |
| 22:03 | Create | Knight |
| 22:03 | Create | Knight |
| 22:10 | Create | Villager (Male) ×5 |
| 22:12 | Create | Villager (Male) ×3 |
| 22:20 | Build | House |
| 22:20 | Build | House |
| 22:22 | Build | House |
| 22:38 | Create | Knight |
| 22:38 | Create | Knight |
| 22:39 | Create | Knight |
| 22:45 | Create | Knight |
| 22:45 | Create | Knight |
| 22:56 | Create | Villager (Male) ×4 |
| 23:00 | Create | Knight |
| 23:00 | Create | Knight |
| 23:00 | Create | Knight |
| 23:10 | Research | Forging |
| 23:25 | Create | Knight |
Build order — PRO_ENEMY
120 actions detected in the replay
| 0:01 | Create | Villager (Male) |
| 0:02 | Create | Villager (Male) |
| 0:02 | Create | Villager (Male) |
| 0:02 | Create | Villager (Male) |
| 0:05 | Build | House |
| 0:08 | Build | House |
| 1:39 | Create | Villager (Male) |
| 1:39 | Create | Villager (Male) |
| 2:02 | Build | Lumber Camp |
| 2:03 | Create | Villager (Male) |
| 2:03 | Create | Villager (Male) |
| 2:17 | Create | Villager (Male) |
| 2:17 | Create | Villager (Male) |
| 2:52 | Create | Villager (Male) |
| 2:52 | Create | Villager (Male) |
| 3:31 | Build | House |
| 3:36 | Build | House |
| 3:53 | Create | Villager (Male) |
| 3:53 | Create | Villager (Male) |
| 4:27 | Build | Mill |
| 4:41 | Create | Villager (Male) |
| 4:41 | Create | Villager (Male) |
| 4:42 | Create | Villager (Male) |
| 4:42 | Create | Villager (Male) |
| 4:51 | Build | House |
| 4:54 | Build | House |
| 5:17 | Create | Villager (Male) |
| 5:18 | Create | Villager (Male) |
| 6:16 | Create | Villager (Male) |
| 6:16 | Create | Villager (Male) |
| 6:17 | Create | Villager (Male) |
| 6:17 | Create | Villager (Male) |
| 6:52 | Build | House |
| 6:54 | Create | Villager (Male) |
| 6:54 | Create | Villager (Male) |
| 6:54 | Create | Villager (Male) |
| 7:16 | Create | Villager (Male) |
| 7:17 | Create | Villager (Male) |
| 7:17 | Create | Villager (Male) |
| 7:49 | Create | Villager (Male) |
| 7:50 | Create | Villager (Male) |
| 8:54 | Create | Villager (Male) |
| 9:24 | Create | Villager (Male) |
| 9:32 | Build | Mining Camp |
| 9:38 | Create | Villager (Male) |
| 10:12 | Build | Farm |
| 10:16 | Build | Farm |
| 10:19 | Build | Farm |
| 10:31 | Research | Feudal Age |
| 10:32 | Research | Feudal Age |
| 10:32 | Research | Feudal Age |
| 11:00 | Build | Farm |
| 12:15 | Create | Villager (Male) |
| 12:16 | Create | Villager (Male) |
| 13:06 | Age | Feudal Age |
| 13:09 | Create | Villager (Male) |
| 13:09 | Create | Villager (Male) |
| 13:17 | Build | Blacksmith |
| 13:26 | Build | Market |
| 14:17 | Research | Castle Age |
| 14:18 | Research | Castle Age |
| 14:18 | Research | Castle Age |
| 16:48 | Create | Villager (Male) |
| 16:49 | Create | Villager (Male) |
| 17:02 | Age | Castle Age |
| 17:06 | Create | Villager (Male) |
| 17:12 | Build | Monastery |
| 17:19 | Build | University |
| 17:34 | Build | Farm |
| 18:12 | Build | Barracks |
| 18:46 | Research | Imperial Age |
| 18:46 | Research | Imperial Age |
| 18:46 | Research | Imperial Age |
| 19:00 | Research | Double-Bit Axe |
| 19:00 | Research | Double-Bit Axe |
| 19:06 | Build | Farm |
| 19:14 | Research | Horse Collar |
| 19:14 | Research | Horse Collar |
| 19:14 | Research | Horse Collar |
| 19:23 | Build | Farm |
| 19:26 | Build | Farm |
| 19:36 | Research | Gold Mining |
| 19:36 | Research | Gold Mining |
| 19:36 | Research | Gold Mining |
| 20:22 | Build | Archery Range |
| 20:25 | Build | Archery Range |
| 20:46 | Create | Villager (Male) |
| 20:46 | Create | Villager (Male) |
| 20:53 | Research | Bow Saw |
| 20:53 | Research | Bow Saw |
| 20:53 | Research | Bow Saw |
| 21:27 | Research | Crossbowman (upgrade) |
| 21:27 | Research | Crossbowman (upgrade) |
| 21:36 | Create | Archer |
| 21:56 | Age | Imperial Age |
| 22:08 | Build | House |
| 22:13 | Research | Fletching |
| 22:13 | Research | Fletching |
| 22:13 | Research | Fletching |
| 22:16 | Create | Villager (Male) |
| 22:34 | Build | House |
| 22:35 | Build | House |
| 22:44 | Create | Archer |
| 22:59 | Build | Archery Range |
| 23:01 | Build | Archery Range |
| 23:09 | Build | Archery Range |
| 23:16 | Build | Archery Range |
| 23:20 | Research | Bodkin Arrow |
| 23:21 | Research | Bodkin Arrow |
| 23:21 | Research | Bodkin Arrow |
| 23:22 | Research | Padded Archer Armor |
| 23:22 | Research | Padded Archer Armor |
| 23:22 | Research | Padded Archer Armor |
| 23:55 | Research | Ballistics |
| 23:55 | Research | Ballistics |
| 23:55 | Research | Ballistics |
| 23:58 | Create | Archer |
| 23:58 | Create | Archer |
| 24:01 | Create | Archer |
| 24:02 | Create | Archer |
Build order — [FeI] F0rever
118 actions detected in the replay
| 0:03 | Create | Villager (Male) |
| 0:03 | Create | Villager (Male) |
| 0:05 | Build | House |
| 0:06 | Build | House |
| 0:27 | Research | Loom |
| 0:52 | Build | Palisade Wall |
| 0:53 | Create | Villager (Male) |
| 0:53 | Create | Villager (Male) |
| 1:15 | Create | Villager (Male) |
| 1:44 | Build | Lumber Camp |
| 1:52 | Create | Villager (Male) |
| 1:52 | Create | Villager (Male) |
| 2:48 | Create | Villager (Male) |
| 2:49 | Create | Villager (Male) |
| 3:17 | Create | Villager (Male) |
| 3:17 | Create | Villager (Male) |
| 3:47 | Create | Villager (Male) |
| 4:10 | Create | Villager (Male) |
| 4:11 | Create | Villager (Male) |
| 4:29 | Build | House |
| 4:47 | Create | Villager (Male) |
| 4:48 | Create | Villager (Male) |
| 5:24 | Create | Villager (Male) |
| 5:26 | Build | Mill |
| 5:30 | Create | Villager (Male) |
| 5:30 | Create | Villager (Male) |
| 5:56 | Create | Villager (Male) |
| 6:20 | Create | Villager (Male) |
| 6:30 | Build | House |
| 7:20 | Create | Villager (Male) |
| 7:20 | Create | Villager (Male) |
| 7:52 | Create | Villager (Male) |
| 8:10 | Create | Villager (Male) |
| 8:36 | Create | Villager (Male) |
| 9:20 | Create | Villager (Male) |
| 9:40 | Build | House |
| 9:45 | Research | Feudal Age |
| 9:51 | Build | Mining Camp |
| 11:01 | Create | Villager (Male) |
| 11:01 | Create | Villager (Male) |
| 12:00 | Age | Feudal Age |
| 12:02 | Build | Blacksmith |
| 12:04 | Build | Market |
| 12:18 | Build | Mining Camp |
| 13:07 | Research | Castle Age |
| 13:07 | Research | Castle Age |
| 13:51 | Research | Double-Bit Axe |
| 13:54 | Build | House |
| 14:42 | Create | Villager (Male) |
| 14:43 | Create | Villager (Male) |
| 15:15 | Create | Villager (Male) |
| 15:47 | Age | Castle Age |
| 15:49 | Create | Villager (Male) |
| 16:05 | Build | Siege Workshop |
| 16:08 | Build | Monastery |
| 16:20 | Create | Villager (Male) |
| 16:49 | Build | Castle |
| 17:00 | Create | Mangonel |
| 17:00 | Create | Mangonel |
| 17:03 | Create | Villager (Male) |
| 17:30 | Build | Farm |
| 17:33 | Create | Villager (Male) |
| 17:56 | Build | House |
| 17:58 | Create | Monk |
| 18:02 | Build | Farm |
| 18:04 | Create | Villager (Male) |
| 18:55 | Create | Battering Ram |
| 18:56 | Create | Battering Ram |
| 19:03 | Build | Farm |
| 19:06 | Build | Farm |
| 19:14 | Create | Battering Ram |
| 19:14 | Create | Battering Ram |
| 19:36 | Create | Villager (Male) |
| 19:40 | Build | Farm |
| 19:44 | Create | Cataphract |
| 19:44 | Create | Cataphract |
| 20:18 | Create | Battering Ram |
| 20:26 | Create | Villager (Male) |
| 20:28 | Build | Farm |
| 20:58 | Create | Mangonel |
| 21:03 | Create | Villager (Male) |
| 21:05 | Build | Farm |
| 21:26 | Create | Cataphract |
| 21:28 | Build | Farm |
| 21:28 | Build | Farm |
| 21:29 | Build | Farm |
| 21:29 | Build | Farm |
| 21:29 | Build | Farm |
| 21:31 | Create | Villager (Male) |
| 22:26 | Create | Villager (Male) |
| 22:28 | Build | Farm |
| 22:28 | Build | Farm |
| 22:32 | Create | Cataphract |
| 22:32 | Create | Cataphract |
| 22:49 | Create | Villager (Male) |
| 22:53 | Build | Farm |
| 22:53 | Build | Farm |
| 22:53 | Build | Farm |
| 23:23 | Create | Mangonel |
| 23:45 | Create | Monk |
| 23:45 | Create | Monk |
| 23:49 | Create | Villager (Male) |
| 23:50 | Build | Farm |
| 23:51 | Build | Farm |
| 23:51 | Create | Villager (Male) |
| 24:19 | Create | Villager (Male) |
| 24:20 | Build | Farm |
| 24:35 | Create | Villager (Male) |
| 24:44 | Create | Cataphract |
| 24:45 | Create | Cataphract |
| 24:49 | Create | Villager (Male) |
| 24:51 | Build | Farm |
| 25:19 | Create | Cataphract |
| 25:30 | Create | Cataphract |
| 25:32 | Build | Farm |
| 25:36 | Research | Forging |
| 25:38 | Build | Farm |
| 25:47 | Create | Cataphract |
Match timeline
| 0:43 | Tlacaelel.MX · wall_segment Palisade Wall x12 |
| 0:52 | [FeI] F0rever · wall_segment Palisade Wall x9 |
| 0:58 | ACI Kira_game · wall_segment Palisade Wall x16 |
| 1:35 | 李佳瑶耶耶耶 · wall_segment Palisade Wall x11 |
| 2:01 | Tlacaelel.MX · wall_segment Palisade Wall x11 |
| 2:28 | Tlacaelel.MX · wall_segment Palisade Wall x4 |
| 3:46 | Tlacaelel.MX · wall_segment Palisade Wall x1 |
| 3:53 | ACI Kira_game · wall_segment Palisade Wall x10 |
| 4:33 | ACI Kira_game · wall_segment Palisade Wall x1 |
| 5:05 | ACI Kira_game · wall_segment Palisade Wall x1 |
| 9:42 | pedrotavares123 · first_building Barracks |
| 10:40 | ACI Kira_game · first_building Barracks |
| 11:25 | 李佳瑶耶耶耶 · age_up feudal |
| 11:29 | 李佳瑶耶耶耶 · wall_segment Stone Wall x11 |
| 11:37 | pedrotavares123 · age_up feudal |
| 11:51 | pedrotavares123 · first_building Stable |
| 11:56 | Tlacaelel.MX · wall_segment Palisade Wall x1 |
| 11:58 | ACI ShaN · age_up feudal |
| 12:00 | [FeI] F0rever · age_up feudal |
| 12:30 | 420fudu69 · age_up feudal |
| 13:01 | ACI Kira_game · age_up feudal |
| 13:04 | ACI Kira_game · first_building Archery Range |
| 13:06 | PRO_ENEMY · age_up feudal |
| 13:46 | ACI ShaN · first_building Barracks |
| 14:14 | Tlacaelel.MX · age_up feudal |
| 14:15 | Tlacaelel.MX · wall_segment Stone Wall x6 |
| 14:18 | Tlacaelel.MX · wall_segment Stone Wall x4 |
| 14:19 | Tlacaelel.MX · wall_segment Stone Wall x1 |
| 14:26 | Tlacaelel.MX · wall_segment Stone Wall x1 |
| 14:27 | Tlacaelel.MX · wall_segment Stone Wall x1 |
| 15:08 | ACI ShaN · first_building Stable |
| 15:12 | 420fudu69 · age_up castle |
| 15:47 | [FeI] F0rever · age_up castle |
| 15:56 | ACI Kira_game · wall_segment Stone Wall x15 |
| 16:05 | [FeI] F0rever · first_building Siege Workshop |
| 16:08 | [FeI] F0rever · first_building Monastery |
| 16:16 | 李佳瑶耶耶耶 · age_up castle |
| 16:19 | pedrotavares123 · age_up castle |
| 16:28 | Tlacaelel.MX · wall_segment Stone Wall x4 |
| 16:31 | Tlacaelel.MX · wall_segment Stone Wall x4 |
| 16:38 | ACI ShaN · age_up castle |
| 16:47 | Tlacaelel.MX · wall_segment Stone Wall x3 |
| 16:49 | [FeI] F0rever · first_building Castle |
| 17:02 | PRO_ENEMY · age_up castle |
| 17:12 | PRO_ENEMY · first_building Monastery |
| 17:34 | ACI ShaN · first_building Siege Workshop |
| 17:49 | 李佳瑶耶耶耶 · first_building Monastery |
| 18:12 | PRO_ENEMY · first_building Barracks |
| 19:10 | Tlacaelel.MX · wall_segment Stone Wall x1 |
| 19:11 | Tlacaelel.MX · wall_segment Stone Wall x1 |
| 19:12 | Tlacaelel.MX · wall_segment Stone Wall x1 |
| 19:25 | 李佳瑶耶耶耶 · wall_segment Stone Wall x5 |
| 19:32 | Tlacaelel.MX · wall_segment Stone Wall x4 |
| 19:34 | PRO_ENEMY · first_market_buy 100 food |
| 19:36 | 李佳瑶耶耶耶 · wall_segment Stone Wall x11 |
| 19:46 | 李佳瑶耶耶耶 · wall_segment Stone Wall x1 |
| 20:16 | ACI Kira_game · wall_segment Stone Wall x8 |
| 20:22 | PRO_ENEMY · first_building Archery Range |
| 20:23 | 李佳瑶耶耶耶 · first_building Siege Workshop |
| 20:28 | 李佳瑶耶耶耶 · first_building Barracks |
| 21:56 | PRO_ENEMY · age_up imperial |
| 22:17 | Tlacaelel.MX · wall_segment Stone Wall x8 |
| 22:20 | 李佳瑶耶耶耶 · resign |
| 22:59 | 420fudu69 · first_building Stable |
| 25:51 | 420fudu69 · first_building Castle |
| 26:06 | 420fudu69 · wall_segment Stone Wall x1 |
[ AI ANALYSIS · 1 CREDIT ]
What really happened in this match?
Wolo.gg analyzes every decision: build order, eco, micro, common mistakes by bracket. Personalized analysis on WhatsApp or Discord in 30 seconds.
Civ guide
Khmer
Perfil
Jugador #11227479